PCL
SAN JOSE MISSIONS @ CALGARY COWBOYS
07/30/2028
 
TOP OF THE 1ST
San Jose Missions batting - Pitching for Calgary Cowboys : RHP Ron Chapman
Pitching: RHP Ron Chapman
Batting: RHB Chang-geun Kim 0-0: Swinging Strike
0-1: Foul Ball, location: 2F
0-2: Ball
1-2: Ball
2-2: Foul Ball, location: 2F
2-2: Ball
3-2: Foul Ball, location: 2F
3-2: Fly out, F7 (Flyball, 7D)
Batting: RHB Jorge Díaz 0-0: Swinging Strike
0-1: Swinging Strike
0-2: Ball
1-2: Foul Ball, location: 2F
1-2: Foul Ball, location: 2F
1-2: Strikes out swinging
Batting: LHB Chris Austin 0-0: Ball
1-0: Ball
2-0: Ball
3-0: Base on Balls
Batting: RHB Dale Taylor 0-0: Called Strike
0-1: Foul Ball, location: 2F
0-2: Ball
1-2: Foul Ball, location: 2F
1-2: Strikes out swinging
Top of the 1st over - 0 run(s), 0 hit(s), 0 error(s), 1 left on base; San Jose 0 - Calgary 0
BOTTOM OF THE 1ST
Calgary Cowboys batting - Pitching for San Jose Missions : RHP Francisco Arellano
Pitching: RHP Francisco Arellano
Batting: RHB César Rodríguez 0-0: Fly out, F7 (Flyball, 7D)
Batting: LHB Del Kennedy 0-0: Called Strike
0-1: Foul Ball, location: 2F
0-2: Strikes out looking
Batting: RHB Tom Rowe 0-0: Ball
1-0: Ball
2-0: Called Strike
2-1: Called Strike
2-2: Ball
3-2: Base on Balls
Batting: RHB Dan Wyatt 0-0: Called Strike
Tom Rowe steals 2nd base
0-1: Foul Ball, location: 2F
0-2: SINGLE (Groundball, 56) (infield hit)
Tom Rowe to third
Batting: LHB Miguel Pérez 0-0: Ball
1-0: Ball
2-0: Called Strike
2-1: Ground out 4-3 (Groundball, 4MS)
Bottom of the 1st over - 0 run(s), 1 hit(s), 0 error(s), 2 left on base; San Jose 0 - Calgary 0
TOP OF THE 2ND
San Jose Missions batting - Pitching for Calgary Cowboys : RHP Ron Chapman
Batting: LHB Alan McGilroy 0-0: Ball
1-0: Called Strike
1-1: Ball
2-1: Foul Ball, location: 2F
2-2: Ball
3-2: Base on Balls
Batting: RHB Naomichi Aoki 0-0: Swinging Strike
0-1: Ball
1-1: Foul Ball, location: 2F
1-2: Grounds into double play, 4-6-3 (Groundball, 4)
Batting: RHB Ed Starr 0-0: Ball
1-0: Foul Ball, location: 2F
1-1: Swinging Strike
1-2: Strikes out looking
Top of the 2nd over - 0 run(s), 0 hit(s), 0 error(s), 0 left on base; San Jose 0 - Calgary 0
BOTTOM OF THE 2ND
Calgary Cowboys batting - Pitching for San Jose Missions : RHP Francisco Arellano
Batting: RHB Jorge Balencia 0-0: Ball
1-0: Called Strike
1-1: Ball
2-1: Called Strike
2-2: Foul Ball, location: 2F
2-2: Ground out 4-3 (Groundball, 4)
Batting: RHB Travis Colbert 0-0: Ball
1-0: Called Strike
1-1: Foul Ball, location: 2F
1-2: Strikes out swinging
Batting: RHB Shayne Burry 0-0: Ball
1-0: Ball
2-0: Ball
3-0: Called Strike
3-1: Foul Ball, location: 2F
3-2: Foul Ball, location: 2F
3-2: Base on Balls
Batting: RHB Mario Sánchez 0-0: Ball
1-0: Ball
2-0: Swinging Strike
2-1: Fly out, F6 (Line Drive, 6M)
Bottom of the 2nd over - 0 run(s), 0 hit(s), 0 error(s), 1 left on base; San Jose 0 - Calgary 0
TOP OF THE 3RD
San Jose Missions batting - Pitching for Calgary Cowboys : RHP Ron Chapman
Batting: RHB José Sánchez 0-0: Ball
1-0: SINGLE (Line Drive, 7S)
Batting: RHB Miguel Mendoza 0-0: Fly out, F2 (Popup, 2R)
Batting: RHB Chang-geun Kim 0-0: SINGLE (Flyball, 9LM)
José Sánchez to second
Runner from 2nd tries for 3rd, SAFE, no throw
Batting: RHB Jorge Díaz 0-0: Swinging Strike
0-1: Ball
1-1: Swinging Strike
1-2: Foul Ball, location: 2F
1-2: Ball
2-2: Strikes out swinging
Batting: LHB Chris Austin 0-0: Ball
1-0: Ball
2-0: Foul Ball, location: 2F
2-1: Foul Ball, location: 2F
2-2: Ball
3-2: Foul Ball, location: 2F
3-2: Fly out, F4 (Popup, 4)
Top of the 3rd over - 0 run(s), 2 hit(s), 0 error(s), 2 left on base; San Jose 0 - Calgary 0
BOTTOM OF THE 3RD
Calgary Cowboys batting - Pitching for San Jose Missions : RHP Francisco Arellano
Batting: RHB César Rodríguez 0-0: Foul Ball, location: 2F
0-1: Ball
1-1: Called Strike
1-2: SINGLE (Line Drive, 6MD)
Batting: LHB Del Kennedy 0-0: Ball
1-0: Ball
2-0: Swinging Strike
2-1: Foul Ball, location: 2F
2-2: Foul Ball, location: 2F
2-2: Ball
3-2: Foul Ball, location: 2F
3-2: Strikes out swinging
Batting: RHB Tom Rowe 0-0: Ball
1-0: Called Strike
1-1: Ball
2-1: SINGLE (Groundball, 56D)
César Rodríguez to second
Batting: RHB Dan Wyatt 0-0: Called Strike
0-1: Fly out, F8 (Flyball, 8RD)
Runner from 2nd tags up, SAFE at 3rd, no throw
Batting: LHB Miguel Pérez 0-0: Ball
1-0: Foul Ball, location: 2F
1-1: Foul Ball, location: 2F
1-2: DOUBLE (Line Drive, 9LM)
César Rodríguez scores
Tom Rowe to third
Runner from 3rd tries for Home, SAFE, no throw
Batting: RHB Jorge Balencia 0-0: Foul Ball, location: 2F
0-1: Swinging Strike
0-2: Ball
1-2: Ball
2-2: Strikes out swinging
Bottom of the 3rd over - 2 run(s), 3 hit(s), 0 error(s), 1 left on base; San Jose 0 - Calgary 2
TOP OF THE 4TH
San Jose Missions batting - Pitching for Calgary Cowboys : RHP Ron Chapman
Batting: RHB Dale Taylor 0-0: Foul Ball, location: 2F
0-1: Fly out, F8 (Line Drive, 8LM)
Batting: LHB Alan McGilroy 0-0: Ball
1-0: Swinging Strike
1-1: Ball
2-1: Ball
3-1: Base on Balls
Batting: RHB Naomichi Aoki 0-0: Called Strike
0-1: Ball
1-1: Foul Ball, location: 2F
1-2: Foul Ball, location: 2F
1-2: SINGLE (Groundball, 6D)
Alan McGilroy to second
Batting: RHB Ed Starr 0-0: Ball
1-0: Called Strike
1-1: Called Strike
1-2: Strikes out swinging
Batting: RHB José Sánchez 0-0: Ball
1-0: Fly out, F4 (Line Drive, 4MD)
Top of the 4th over - 0 run(s), 1 hit(s), 0 error(s), 2 left on base; San Jose 0 - Calgary 2
BOTTOM OF THE 4TH
Calgary Cowboys batting - Pitching for San Jose Missions : RHP Francisco Arellano
Batting: RHB Travis Colbert 0-0: Swinging Strike
0-1: Called Strike
0-2: Ball
1-2: Ball
2-2: Ball
3-2: Fly out, F9 (Flyball, 9LS)
Batting: RHB Shayne Burry 0-0: Called Strike
0-1: Fly out, F8 (Flyball, 8RD)
Batting: RHB Mario Sánchez 0-0: Ball
1-0: Swinging Strike
1-1: Ball
2-1: Ball
3-1: Swinging Strike
3-2: Base on Balls
Batting: RHB César Rodríguez 0-0: Called Strike
Mario Sánchez is caught stealing 2nd base
Bottom of the 4th over - 0 run(s), 0 hit(s), 0 error(s), 0 left on base; San Jose 0 - Calgary 2
TOP OF THE 5TH
San Jose Missions batting - Pitching for Calgary Cowboys : RHP Ron Chapman
Batting: RHB Miguel Mendoza 0-0: Ball
1-0: Swinging Strike
1-1: Ground out 4-3 (Groundball, 34)
Batting: RHB Chang-geun Kim 0-0: Foul Ball, location: 2F
0-1: Foul Ball, location: 2F
0-2: Strikes out looking
Batting: RHB Jorge Díaz 0-0: Ball
1-0: Called Strike
1-1: Foul Ball, location: 2F
1-2: Strikes out swinging
Top of the 5th over - 0 run(s), 0 hit(s), 0 error(s), 0 left on base; San Jose 0 - Calgary 2
BOTTOM OF THE 5TH
Calgary Cowboys batting - Pitching for San Jose Missions : RHP Francisco Arellano
Batting: RHB César Rodríguez 0-0: Ball
1-0: Swinging Strike
1-1: Fly out, F9 (Flyball, 89M)
Batting: LHB Del Kennedy 0-0: Ball
1-0: Foul Ball, location: 2F
1-1: Called Strike
1-2: Strikes out swinging
Batting: RHB Tom Rowe 0-0: Called Strike
0-1: Ball
1-1: Ball
2-1: SINGLE (Line Drive, 7LS)
Batting: RHB Dan Wyatt 0-0: Ball
Tom Rowe steals 2nd base
1-0: Ball
2-0: Ball
3-0: Called Strike
3-1: Swinging Strike
3-2: Base on Balls
Batting: LHB Miguel Pérez 0-0: Called Strike
0-1: Fly out, F4 (Line Drive, 34)
Bottom of the 5th over - 0 run(s), 1 hit(s), 0 error(s), 2 left on base; San Jose 0 - Calgary 2
TOP OF THE 6TH
San Jose Missions batting - Pitching for Calgary Cowboys : RHP Ron Chapman
Batting: LHB Chris Austin 0-0: Called Strike
0-1: Fly out, F8 (Line Drive, 89D)
Batting: RHB Dale Taylor 0-0: Called Strike
0-1: Ball
1-1: Ground out 5-3 (Groundball, 5S)
Batting: LHB Alan McGilroy 0-0: Called Strike
0-1: Ball
1-1: Foul Ball, location: 2F
1-2: Foul Ball, location: 2F
1-2: Ball
2-2: Foul Ball, location: 2F
2-2: Ball
3-2: Foul Ball, location: 2F
3-2: Base on Balls
Batting: RHB Naomichi Aoki 0-0: Ball
1-0: Ball
2-0: Fly out, F6 (Line Drive, 56)
Top of the 6th over - 0 run(s), 0 hit(s), 0 error(s), 1 left on base; San Jose 0 - Calgary 2
BOTTOM OF THE 6TH
Calgary Cowboys batting - Pitching for San Jose Missions : RHP Francisco Arellano
Pitching: LHP Morgan O'Day
Batting: RHB Jorge Balencia 0-0: Called Strike
0-1: Ball
1-1: Ball
2-1: Ball
3-1: Base on Balls
Batting: RHB Travis Colbert 0-0: Called Strike
0-1: Foul Ball, location: 2F
0-2: Strikes out swinging
Batting: RHB Shayne Burry 0-0: Called Strike
Jorge Balencia steals 2nd base
0-1: Called Strike
0-2: Ball
1-2: Fly out, F5 (Popup, 56D)
Batting: RHB Mario Sánchez 0-0: Called Strike
0-1: Foul Ball, location: 2F
0-2: Ball
1-2: Ball
2-2: Strikes out swinging
Bottom of the 6th over - 0 run(s), 0 hit(s), 0 error(s), 1 left on base; San Jose 0 - Calgary 2
TOP OF THE 7TH
San Jose Missions batting - Pitching for Calgary Cowboys : RHP Ron Chapman
Batting: RHB Ed Starr 0-0: Ball
1-0: Ball
2-0: Fly out, F8 (Flyball, 8LM)
Pitching: RHP Lorenzo Montáñez
Batting: RHB José Sánchez 0-0: Fly out, F8 (Flyball, 8RD)
Batting: RHB Miguel Mendoza 0-0: Swinging Strike
0-1: Called Strike
0-2: Strikes out swinging
Top of the 7th over - 0 run(s), 0 hit(s), 0 error(s), 0 left on base; San Jose 0 - Calgary 2
BOTTOM OF THE 7TH
Calgary Cowboys batting - Pitching for San Jose Missions : LHP Morgan O'Day
Batting: RHB César Rodríguez 0-0: SINGLE (Line Drive, 6MD)
Batting: LHB Del Kennedy 0-0: Ball
1-0: Sac Bunt - play at first, batter OUT! 3-4
César Rodríguez to second
Batting: RHB Tom Rowe 0-0: Ball
César Rodríguez is caught stealing 3rd base
1-0: Swinging Strike
1-1: Ball
2-1: Called Strike
2-2: Fly out, F9 (Flyball, 9LMF)
Bottom of the 7th over - 0 run(s), 1 hit(s), 0 error(s), 0 left on base; San Jose 0 - Calgary 2
TOP OF THE 8TH
San Jose Missions batting - Pitching for Calgary Cowboys : RHP Lorenzo Montáñez
Batting: RHB Chang-geun Kim 0-0: Ball
1-0: Foul Ball, location: 2F
1-1: SINGLE (Line Drive, 6D)
Batting: RHB Jorge Díaz 0-0: Swinging Strike
0-1: Swinging Strike
0-2: Strikes out swinging
Pitching: LHP Takayuki Ine
Batting: LHB Chris Austin 0-0: Ball
1-0: Ball
2-0: Called Strike
2-1: SINGLE (Line Drive, 7S)
Chang-geun Kim to second
Pitching: RHP William Bryant
Batting: RHB Dale Taylor 0-0: Foul Ball, location: 2F
0-1: Swinging Strike
0-2: Ball
1-2: Strikes out swinging
Batting: LHB Alan McGilroy 0-0: Ball
1-0: Foul Ball, location: 2F
1-1: SINGLE (Flyball, 9LM)
Chang-geun Kim to third
Chris Austin to second
Runner from 3rd tries for Home, SAFE, no throw
Batting: RHB Naomichi Aoki 0-0: Ball
1-0: Ball
2-0: Foul Ball, location: 2F
2-1: Fly out, F9 (Flyball, 9S)
Top of the 8th over - 1 run(s), 3 hit(s), 0 error(s), 2 left on base; San Jose 1 - Calgary 2
BOTTOM OF THE 8TH
Calgary Cowboys batting - Pitching for San Jose Missions : LHP Morgan O'Day
Batting: RHB Dan Wyatt 0-0: Fly out, F4 (Popup, 3D)
Batting: LHB Miguel Pérez 0-0: Called Strike
0-1: TRIPLE (Line Drive, 3L)
Batting: RHB Jorge Balencia 0-0: Intentional Walk
Pinch Hitting: RHB Paul Swift 0-0: Swinging Strike
0-1: Ball
1-1: Swinging Strike
1-2: Strikes out swinging
Batting: RHB Shayne Burry 0-0: Foul Ball, location: 2F
0-1: Ball
1-1: Ball
2-1: Fly out, F8 (Line Drive, 8RM)
Bottom of the 8th over - 0 run(s), 1 hit(s), 0 error(s), 2 left on base; San Jose 1 - Calgary 2
TOP OF THE 9TH
San Jose Missions batting - Pitching for Calgary Cowboys : RHP William Bryant
Pitching: LHP Alfredo Durán
Now at SS: Juan Acevado
Batting: RHB Ed Starr 0-0: Ball
1-0: Ball
2-0: Foul Ball, location: 2F
2-1: Ball
3-1: Base on Balls
Batting: RHB José Sánchez 0-0: Bunted foul
0-1: Bunted foul
0-2: Ball
1-2: Ball
2-2: SINGLE (Groundball, 56D)
Ed Starr to second
Pinch Hitting: RHB Peyton Pennington 0-0: Foul Ball, location: 2F
0-1: Swinging Strike
0-2: SINGLE (Flyball, 6MD)
Ed Starr to third
José Sánchez to second
Runner from 3rd tries for Home, SAFE, throw made at trailing runner, OUT at third!
Batting: RHB Chang-geun Kim 0-0: Ball
1-0: Called Strike
1-1: Called Strike
1-2: SINGLE (Line Drive, 7S)
Peyton Pennington to second
Batting: RHB Jorge Díaz 0-0: Called Strike
0-1: Ball
1-1: Hit by Pitch
Peyton Pennington to third
Chang-geun Kim to second
Pinch Runner at 1st Bobby Brewster:
Batting: LHB Chris Austin 0-0: Ball
Wild Pitch!
Peyton Pennington scores
Chang-geun Kim to third
Bobby Brewster to second
1-0: Foul Ball, location: 2F
1-1: Reached on error, E6 (Groundball, 6M)
Chang-geun Kim scores
Bobby Brewster scores
Batting: RHB Dale Taylor 0-0: Intentional Walk
Pitching: RHP Bernardo Romero
Batting: LHB Alan McGilroy 0-0: Grounds into double play, 4-6-3 (Groundball, 4)
Top of the 9th over - 4 run(s), 3 hit(s), 1 error(s), 1 left on base; San Jose 5 - Calgary 2
BOTTOM OF THE 9TH
Calgary Cowboys batting - Pitching for San Jose Missions : LHP Morgan O'Day
Pitching: RHP Paul Lewis
Now at C: Wilson Vecino
Now at SS: Bobby Brewster
Batting: RHB Mario Sánchez 0-0: Fly out, F8 (Line Drive, 8RM)
Batting: RHB César Rodríguez 0-0: Called Strike
0-1: Ground out U3 (Groundball, 34)
Batting: LHB Del Kennedy 0-0: Ball
1-0: Swinging Strike
1-1: Ball
2-1: Fly out, F7 (Flyball, 7)
Bottom of the 9th over - 0 run(s), 0 hit(s), 0 error(s), 0 left on base; San Jose 5 - Calgary 2
Tuesday, August 8th, 2017 - OOTP Baseball 17.12 Build 75